 Dungeon Crawl Stone Soup version 0.20.0-6-gd3061e9 (webtiles) character file.

1535907 hittemv20vhard the Impregnable (level 27, 210/260 (264) HPs)
             Began as a Minotaur Skald on May 28, 2017.
             Was the Champion of Nemelex Xobeh.
             Escaped with the Orb
             ... and 3 runes!
             The game lasted 05:24:48 (91528 turns).

hittemv20vhard the Impregnable (Minotaur Skald)    Turns: 91528, Time: 05:24:49

HP:   210/260 (264) AC: 29    Str: 26    XL:     27
MP:   13/13         EV: 36    Int: 10    God:    Nemelex Xobeh [******]
Gold: 1986          SH: 35    Dex: 33    Spells: 17/28 levels left

rFire    + . .     SeeInvis +   b - +5 demon whip "Spellbinder" {antimagic, MR+}
rCold    + . .     Gourm    .   l - +5 large shield {AC+3} {AC+3}
rNeg     + . .     Faith    .   O - +4 faerie dragon scales {MR- Regen+ rCorr HP+3 MP+3 Dex+9}
rPois    +         Spirit   .   E - +2 hat {MR+} {MR+}
rElec    +         Reflect  +   x - +2 cloak
rCorr    +         Harm     .   G - +2 pair of gloves {Str+3} {Str+3}
MR       ++++.                  u - +0 pair of boots of the Will of the Gods {rPois Dex+3}
Stlth    +.........             C - +4 amulet of reflection
Regen    1.0/turn               S - ring of see invisible
MPRegen  0.2/turn               N - ring of Faoraj {rElec rN+ MR+ Str+2 Dex+3}

@: no status effects
A: retaliatory headbutt, horns 2, talons 1, cold resistance 1, deformed body,
fire resistance 1, evolution 1, subdued magic 1
0: Orb of Zot
}: 3/15 runes: barnacled, silver, gossamer
a: Triple Draw, Deal Four, Stack Five, Renounce Religion


You escaped.
You worshipped Nemelex Xobeh.
Nemelex Xobeh was exalted by your worship.
You were not hungry.

You visited 11 branches of the dungeon, and saw 51 of its levels.
You visited 1 bazaar.
You also visited: Labyrinth and Trove.

You collected 8252 gold pieces.
You spent 6266 gold pieces at shops.

Inventory:

Hand Weapons
 a - a +9 morningstar of freezing
 b - the +5 demon whip "Spellbinder" (weapon) {antimagic, MR+}
   (You found it on level 4 of the Shoals)

   It reduces the magical energy of the wielder, and disrupts the spells and
   magical abilities of those hit.
   Natural abilities and divine invocations are not affected.
   It affects your resistance to hostile enchantments.
Armour
 l - a +5 large shield of protection (worn) {AC+3}
 u - the +0 pair of boots of the Will of the Gods (worn) {rPois Dex+3}
   (You acquired it on level 1 of the Shoals)

   It affects your dexterity (+3).
   It protects you from poison.
 x - a +2 cloak (worn)
 E - a +2 hat of magic resistance (worn) {MR+}
 G - a +2 pair of gloves of strength (worn) {Str+3}
 O - the +4 faerie dragon scales (worn) {MR- Regen+ rCorr HP+3 MP+3 Dex+9}
   (You took it off the Enchantress on level 5 of the Depths)

   It affects your dexterity (+9).
   It affects your resistance to hostile enchantments.
   It affects your health (+3).
   It affects your magic capacity (+3).
   It increases your rate of regeneration.
   It protects you from acid and corrosion.
Jewellery
 C - a +4 amulet of reflection (around neck)
 F - an uncursed ring of protection from fire
 N - the ring of Faoraj (right hand) {rElec rN+ MR+ Str+2 Dex+3}
   (You found it on level 3 of the Crypt)

   [ring of positive energy]

   It affects your strength (+2).
   It affects your dexterity (+3).
   It insulates you from electricity.
   It protects you from negative energy.
   It affects your resistance to hostile enchantments.
 S - a ring of see invisible (left hand)
Wands
 k - a wand of iceblast (8/15)
 m - a wand of clouds (4/9)
 n - a wand of paralysis (24/24)
 q - a wand of acid (2/15)
 D - a wand of digging (4/24)
 M - a wand of clouds (6/9)
Scrolls
 e - 4 scrolls of fear
 f - 9 scrolls of fog
 g - 3 scrolls of silence {!r}
 t - 17 scrolls of teleportation {!r}
 v - 4 scrolls of summoning {!r}
 B - 6 scrolls of blinking {!r}
Potions
 c - 11 potions of heal wounds
 h - 4 potions of magic
 j - 14 potions of mutation {!q}
 s - a potion of resistance
 y - 5 potions of haste
 H - 4 potions of agility
 K - 6 potions of ambrosia
 Q - 4 potions of cancellation
 R - a potion of berserk rage {!q}
 T - 13 potions of curing
 U - a potion of invisibility
 Y - a potion of might
Miscellaneous
 i - an ornate deck of summoning
 o - an ornate deck of escape {the Shaft, left: 5}
 p - a legendary deck of summoning
 r - a legendary deck of escape {the Elixir, left: 4}
 w - a legendary deck of destruction
 z - a legendary deck of summoning {drawn: 8}
 A - 4 sacks of spiders
 I - a legendary deck of destruction
 J - a legendary deck of destruction
 L - 7 boxes of beasts
 P - an ornate deck of escape {the Shaft, left: 5}
 V - a legendary deck of escape {the Elixir, left: 4}
 W - a legendary deck of escape {the Shaft, left: 4}
 X - a fan of gales
 Z - a legendary deck of destruction {the Orb, left: 5}
Comestibles
 d - 12 bread rations


   Skills:
 - Level 24.0 Fighting
 - Level 16.2 Maces & Flails
 + Level 25.4 Armour
 + Level 21.9 Dodging
 - Level 21.2 Shields
 - Level 1.3 Spellcasting
 - Level 2.0 Charms
 + Level 22.0 Invocations
 + Level 18.6 Evocations


You had 17 spell levels left.
You knew the following spells:

 Your Spells              Type           Power        Failure   Level  Hunger
a - Infusion              Chrm           #...         22%         1    ##.....
b - Blink                 Tloc           N/A          61%         2    ###....
r - Regeneration          Chrm/Necr      #.........   71%         3    ####...
w - Passwall              Tmut/Erth      #.........   61%         2    ###....
z - Spectral Weapon       Hex/Chrm       #.......     71%         3    ####...


Dungeon Overview and Level Annotations

Branches:
Dungeon (15/15)            Temple (1/1) D:5            Lair (6/6) D:10
 Shoals (4/4) Lair:2       Spider (4/4) Lair:4        Slime (0/5) Lair:5
    Orc (2/2) D:11            Elf (0/3) Orc:2        Vaults (5/5) D:14
  Crypt (3/3) Vaults:2       Tomb (1/3) Crypt:3      Depths (5/5) D:15
    Zot (5/5) Depths:5

Altars:
Ashenzari
Cheibriados
Dithmenos
Elyvilon
Fedhas
Gozag
Hepliaklqana
Kikubaaqudgha
Makhleb
Nemelex Xobeh
Okawaru
Qazlal
Ru
Sif Muna
Trog
Uskayaw
Vehumet
Xom
Yredelemnul
Zin
The Shining One
Beogh
Jiyva

Shops:
D:8 *   D:9 :   D:10 !   D:12 !   Orc:1 *   Orc:2 *!((   Vaults:2 ?(!(
Vaults:5 (}   Depths:2 =   Depths:5 *}

Portals:
Hell: Depths:1 Depths:2 Depths:3 Depths:4 Depths:5
Abyss: Depths:4 Depths:5
Pandemonium: Depths:3 Depths:4
Ziggurat: Depths:2

Annotations:
D:9 exclusion: door
D:14 vault need digging
Lair:1 exclusion: 2 oklob plants
Spider:1 Nikola
Vaults:4 exclusion: 2 downstairs
Zot:2 exclusion: 2 upstairs
Zot:3 exclusion: 2 upstairs
Zot:4 exclusion: upstairs
Zot:5 exclusions: upstairs and 5 more exclusions
Abyss:1 Boris


Innate Abilities, Weirdness & Mutations

You reflexively headbutt those who attack you in melee.
You have a pair of horns on your head.
You have sharp toenails.
Your flesh is cold resistant. (rC+)
Armour fits poorly on your strangely shaped body.
Your flesh is heat resistant. (rF+)
You evolve.
Your spells are a little easier to cast, but a little less powerful.


Message History

The hellwing closely misses you. You furiously retaliate!
You headbutt the hellwing, but do no damage.
You block the hellwing's attack. You block the hellwing's attack. x2
The smoke demon gestures at you. Something smites you!
The smoke demon gestures at you. Something smites you!
You see here a club.
You take 21 damage, and have 231/260 hp.
You block the hellwing's attack. x2
There is an open door here.
The smoke demon gestures at the hellwing.
Something smites you!
You take 13 damage, and have 221/260 hp.
There is a staircase leading out of the dungeon here.
You block the hellwing's attack. x2
The smoke demon gestures at you. Something smites you!
You have escaped!

..........#.####.# #.............
............# #.# ##.#######....
###########.# #.# #.# #....
≈≈≈≈≈≈≈≈≈≈#.# #.# #.#######....
.........≈#)####'####.[....3.....
.≈≈≈≈≈≈≈.≈#.#.......#.#...####..#
.≈.....≈.≈#.#.8.8.8.#.#...# #..#
.≈.≈≈≈.≈.≈#.#.......#3#3..####..#
.≈.≈≈≈.≈.≈#.'.8.@48.')...........
.≈.≈...≈.≈#.#.......#.#...####..#
.≈.≈≈≈≈≈.≈#.#.8.8.8.#.#...# #..).
.≈.......≈#.#.......#.#...# #.#..
.≈≈≈≈≈≈≈≈≈#.####'####.##### #.#..
..........+.# #......# #.#..
≈≈≈≈≈≈≈≈≈≈### ######.# #.#..
########### #.#######.##.
#.........#..


You could see a hellwing and 2 smoke demons.

Vault maps used:
D:1:      doesnt_arrival_eight_statues, serial_bayou_pond_e, solitary_fountain,
          kennysheep_small_spiral, minivault_4
D:3:      amethyst_overflow_temple_binary, chequers_ecumenical_altar_simple
D:4:      eat_drink_and_be_merry_uskayaw
D:5:      nemelex_xobeh_ov_fountains_minmay, minmay_temple_entry_nine_rooms,
          first_bread, vehumet_altar_wand_db
D:6:      kennysheep_little_box, basic_altar, tso_metal_star
D:7:      minmay_the_grid_octo_triangle, uniq_prince_ribbit1
D:8:      serial_corexii_hall, corexii_hall_statues_l, corexii_hall_statues_t,
          corexii_hall_statues_t, corexii_hall_statues_x,
          corexii_hall_statues_i, corexii_hall_statues_x, the_bakery,
          guppyfry_shop_venom
D:9:      overflow_temple_1_default, serial_shops, kennysheep_mini, uniq_psyche,
          uniq_erolcha, uniq_pikel
D:10:     dpeg_oklobed_lair, serial_shops, shop
D:11:     orc_0_dummy, minmay_misc_feat_enclosed, uniq_sonja
D:12:     serial_shops, shop_fountains
D:13:     enter_trove_6, basic_altar, grunt_decor_resistance,
          hangedman_decor_slide_cut, uniq_urug
D:14:     david_vaults_2, serial_curves, eino_curves_01, eino_curves_02,
          minivault_12
D:15:     grunt_enter_depths_snipers, minmay_ruined_shrine
Temple:   eino_wide_crystal_templ
Lair:1:   grunt_megastairs_5, minmay_lair_oklob_chamber
Lair:2:   elwin_shoals_entry_rooms, lab_entry_generic, st_stairs_13,
          grunt_forest_stairs_basic, serial_bayou_shore_a, grunt_megastairs_1,
          uniq_gastronok, uniq_nergalle
Lair:3:   grunt_megastairs_3, lemuel_fruit_fields, serial_bayou_shore_b
Lair:4:   spider_nest_entry_rubble, st_stairs_13, gammafunk_lair_bear_cave,
          serial_bayou_shore_b
Lair:5:   slime_altar_1
Lair:6:   hangedman_lair_in_review, wormcave
Shoals:1: st_sunken_huts
Shoals:2: nicolae_shoals_mertower
Shoals:3: uniq_aizul, uniq_donald, uniq_roxanne, uniq_polyphemus
Shoals:4: shoals_end_grunt_ice, shoals_ilsuiw_ice, uniq_kirke, uniq_mara
Spider:1: spider_trap, nicolae_spider_webbed_stairs, uniq_azrael, uniq_nikola
Spider:2: spiders_nest_scorpion_pit
Spider:3: special_room, spider_trap, uniq_arachne
Spider:4: grunt_spider_rune_circles
Orc:1:    serial_shops, nicolae_shop_stone, basic_altar,
          nicolae_orc_crystal_geode
Orc:2:    st_orc_pillars, basic_altar
Vaults:1: v_misc_10, nicolae_vaults_specimen_jars, st_octagons_1,
          grunt_vaults_diagonal, v_misc_29, vaults_mumra_hex,
          nicolae_vaults_network_quinsquares, v_pattern_2
Vaults:2: hangedman_vaults_hat, vaults_room_guarded_vault, vaults_mumra_lcd,
          nicolae_vaults_circle_grid_b, v_rooms_1,
          minmay_crypt_entry_simple_plaza, hangedman_vaults_river_flow,
          v_misc_31, vaults_room_fours, v_misc_33,
          nicolae_vaults_diagonal_hallway_7, nicolae_vaults_ring_of_whatevers,
          vaults_room_stairs_pillars, basic_altar, serial_shops,
          bzr_entry_lakeside, shop, nicolae_shop_behind_doors,
          nicolae_shop_waterfront, shop
Vaults:3: nicolae_vaults_meeting, nicolae_vaults_little_squares_2,
          vaults_dpeg_ring, nicolae_vaults_little_squares_4,
          ontoclasm_vaults_pinch, nicolae_vaults_yaktaur_gun_rack, v_misc_15,
          nicolae_vaults_ring_of_whatevers, v_rooms_5,
          ontoclasm_vaults_decontamination, v_pattern_5
Vaults:4: v_alt_pattern_2, v_misc_19, nicolae_vaults_twisting_passages,
          nicolae_vaults_circle_grid_a, nicolae_vaults_theta,
          vaults_room_glass_cross, v_pattern_3, ontoclasm_vaults_chip,
          hangedman_vaults_slice, uniq_boris
Vaults:5: serial_shops
Crypt:3:  evilmike_haunted_forest
Depths:1: grunt_hell_entry_dis_grunt, minmay_misc_feat_nine_boxes,
          minmay_misc_feat_alley, grunt_ministairs_12, grunt_decor_one_mirror,
          kennysheep_generic_room_9, uniq_asterion
Depths:2: nicolae_legendary_halls, enter_ziggurat_b, serial_shops, shop,
          hell_entry, serial_bayou_shore_b
Depths:3: minmay_bad_star, kennysheep_minor_cross, hell_entry, pan_entry,
          minmay_misc_feat_five, uniq_boris
Depths:4: radiant_caverns_b_rkd, hell_entry, abyss_entry, serial_shops,
          pan_entry, uniq_jorgrun, uniq_xtahua
Depths:5: grunt_x_marks_the_spot, glass_columns_b, hangedman_coc_ice_floe,
          abyss_entry_crystal, serial_shops, shop, shop_statue,
          minmay_misc_feat_tiny, minmay_orc_keep, uniq_enchantress, uniq_jory
Zot:1:    circus_mu, grunt_megastairs_4
Zot:5:    hangedman_zot_decor_tridents
Lab:      labyrinth_mini_lab, labyrinth_fake_exit, labyrinth_skeletal_remains,
          nicolae_lab_quarters, nicolae_lab_flowing_pool, nicolae_lab_blocks,
          nicolae_lab_checkerboard, nicolae_lab_t_cross, nicolae_lab_statue,
          labyrinth_lava_lair, nicolae_lab_garden
Bazaar:   bazaar_minmay_plants
Trove:    trove_library

Notes
Turn   | Place    | Note
-------+----------+-------------------------------------------
     0 | D:1      | hittemv20vhard the Minotaur Skald began the quest for the Orb.
     0 | D:1      | Reached XP level 1. HP: 18/18 MP: 1/1
   135 | D:1      | Reached skill level 3 in Maces & Flails
   223 | D:1      | Identified an amulet of harm (You found it on level 1 of the Dungeon)
   244 | D:1      | Reached XP level 2. HP: 21/25 MP: 3/3
   525 | D:1      | Reached skill level 4 in Maces & Flails
  1241 | D:1      | Reached XP level 3. HP: 27/30 MP: 4/4
  1297 | D:1      | Identified a +2 chain mail of cold resistance (You found it on level 1 of the Dungeon)
  1298 | D:1      | Identified a ring of teleportation (You found it on level 1 of the Dungeon)
  1299 | D:1      | Identified a ring of stealth (You found it on level 1 of the Dungeon)
  1300 | D:1      | Identified 2 scrolls of identify
  1300 | D:1      | Identified a scroll of remove curse
  1304 | D:1      | Identified 3 potions of curing
  1383 | D:2      | Identified 2 potions of haste
  1618 | D:2      | Identified 2 scrolls of noise
  1758 | D:2      | Reached skill level 5 in Maces & Flails
  1956 | D:2      | Reached XP level 4. HP: 37/37 MP: 5/5
  2281 | D:3      | Found a faded altar of an unknown god.
  2282 | D:3      | Identified 2 scrolls of random uselessness
  2289 | D:3      | Became a worshipper of Nemelex Xobeh the Trickster
  2289 | D:3      | Received a gift from Nemelex Xobeh
  2289 | D:3      | Reached * piety under Nemelex Xobeh
  2289 | D:3      | Received a gift from Nemelex Xobeh
  2360 | D:3      | Noticed salade2fruit's ghost (amateur OpEE)
  2372 | D:3      | Killed salade2fruit's ghost
  2372 | D:3      | Reached skill level 6 in Maces & Flails
  2372 | D:3      | Reached XP level 5. HP: 40/42 MP: 6/6
  2466 | D:3      | Identified a +0 cloak (You found it on level 3 of the Dungeon)
  2480 | D:3      | Identified a ring of positive energy (You found it on level 3 of the Dungeon)
  2705 | D:3      | Found a shattered altar of Ashenzari.
  2705 | D:3      | Found a bloodstained altar of Trog.
  2782 | D:4      | Identified 2 scrolls of teleportation
  2884 | D:4      | Identified a ring of flight (You found it on level 4 of the Dungeon)
  3024 | D:4      | Found a hide-covered altar of Uskayaw.
  3140 | D:4      | Noticed an ogre
  3150 | D:4      | Killed an ogre
  3150 | D:4      | Reached skill level 7 in Maces & Flails
  3225 | D:4      | Reached ** piety under Nemelex Xobeh
  3297 | D:5      | Entered Level 5 of the Dungeon
  3321 | D:5      | Identified 2 scrolls of blinking
  3326 | D:5      | Learned a level 3 spell: Regeneration
  3382 | D:5      | Identified a ring of evasion (You found it on level 5 of the Dungeon)
  3477 | D:5      | Noticed a phantom
  3509 | D:5      | Killed a phantom
  3509 | D:5      | Reached skill level 8 in Maces & Flails
  3509 | D:5      | Reached XP level 6. HP: 39/50 MP: 7/7
  3612 | D:5      | Noticed a sky beast
  3646 | D:5      | Killed a sky beast
  3880 | D:5      | Found a sparkling altar of Nemelex Xobeh.
  3950 | D:5      | Reached skill level 9 in Maces & Flails
  4027 | D:5      | Found a radiant altar of Vehumet.
  4340 | D:5      | Reached XP level 7. HP: 47/56 MP: 8/8
  4386 | D:5      | Received a gift from Nemelex Xobeh
  4514 | D:5      | Found a staircase to the Ecumenical Temple.
  4537 | Temple   | Entered the Ecumenical Temple
  4702 | D:6      | Reached skill level 3 in Fighting
  4777 | D:6      | Noticed greprep's ghost (novice MiFi)
  5283 | D:6      | Killed greprep's ghost
  5283 | D:6      | Reached skill level 5 in Fighting
  5283 | D:6      | Reached skill level 10 in Maces & Flails
  5283 | D:6      | Reached XP level 8. HP: 26/68 MP: 9/9
  5508 | D:6      | Identified a +0 flail (You found it on level 6 of the Dungeon)
  5617 | D:6      | Found a hazy altar of Hepliaklqana.
  5774 | D:6      | Reached skill level 6 in Fighting
  5942 | D:6      | Identified a potion of brilliance
  5970 | D:6      | Reached skill level 11 in Maces & Flails
  6116 | D:6      | Found a glowing golden altar of the Shining One.
  6126 | D:6      | Reached *** piety under Nemelex Xobeh
  6194 | D:6      | Reached skill level 1 in Invocations
  6198 | D:6      | Found a basalt altar of Yredelemnul.
  6202 | D:6      | Identified a potion of lignification
  6398 | D:6      | Identified a +0 flail of draining (You took it off an orc on level 6 of the Dungeon)
  6704 | D:7      | Received a gift from Nemelex Xobeh
  6759 | D:7      | Noticed a two-headed ogre
  6759 | D:7      | Noticed a manticore
  6777 | D:7      | Killed a two-headed ogre
  6777 | D:7      | Reached skill level 7 in Fighting
  6777 | D:7      | Reached skill level 2 in Invocations
  6798 | D:7      | Reached XP level 9. HP: 69/79 MP: 10/10
  6820 | D:7      | Noticed a cyclops
  6831 | D:7      | HP: 17/79 [barbs]
  6834 | D:7      | Killed a manticore
  6834 | D:7      | Reached skill level 12 in Maces & Flails
  6851 | D:7      | HP: 14/79 [bullfrog (6)]
  6852 | D:7      | Reached skill level 3 in Invocations
  6885 | D:7      | Killed a cyclops
  7136 | D:7      | Reached skill level 8 in Fighting
  7192 | D:7      | Identified a +1 buckler of reflection (You took it off an orc on level 7 of the Dungeon)
  7457 | D:7      | Got a warped short sword {flame}
  7468 | D:7      | Identified +0 acid dragon scales
  7715 | D:7      | Learned a level 2 spell: Passwall
  7719 | D:7      | Learned a level 3 spell: Spectral Weapon
  7845 | D:7      | Noticed a deep elf mage
  7988 | D:7      | Killed a deep elf mage
  7988 | D:7      | Reached skill level 13 in Maces & Flails
  7988 | D:7      | Reached skill level 4 in Invocations
  8170 | D:7      | Noticed Prince Ribbit
  8447 | D:7      | Identified 2 scrolls of immolation
  8762 | D:7      | Killed Prince Ribbit
  8762 | D:7      | Reached XP level 10. HP: 84/90 MP: 12/12
  9083 | D:7      | Identified a +0 shield (You found it on level 7 of the Dungeon)
  9130 | D:8      | Received a gift from Nemelex Xobeh
  9155 | D:8      | Identified an amulet of rage (You took it off an orc on level 7 of the Dungeon)
  9158 | D:8      | Identified a ring of protection from fire (You found it on level 7 of the Dungeon)
  9182 | D:8      | Found Eqaor's Serpentskin Sales.
  9244 | D:8      | Reached skill level 9 in Fighting
  9365 | D:8      | Identified a potion of magic
  9411 | D:8      | Identified a potion of mutation
  9474 | D:8      | Identified the +11 short sword "Iqulauc" {flame, rPois rC+} (You took it off an orc on level 7 of the Dungeon)
  9651 | D:8      | Reached **** piety under Nemelex Xobeh
  9675 | D:8      | Received a gift from Nemelex Xobeh
  9704 | D:8      | Learned a level 2 spell: Blink
  9726 | D:8      | Identified a scroll of summoning
 10226 | D:9      | Noticed Pikel
 10246 | D:8      | Killed Pikel
 10246 | D:8      | Reached skill level 2 in Armour
 10246 | D:8      | Reached skill level 5 in Invocations
 10691 | D:9      | Noticed a two-headed ogre
 10692 | D:9      | Noticed an eye of devastation
 10692 | D:9      | a two-headed ogre changed into an eye of devastation
 10711 | D:10     | Entered Level 10 of the Dungeon
 10713 | D:10     | Received a gift from Nemelex Xobeh
 10822 | D:10     | Identified a cursed +5 morningstar (You took it off a wight on level 10 of the Dungeon)
 10871 | D:10     | Found Bis Otia's Distillery.
 10882 | D:10     | Bought a potion of heal wounds for 80 gold pieces
 10903 | D:10     | Bought a potion of invisibility for 128 gold pieces
 10919 | D:10     | Found a staircase to the Lair.
 10971 | D:10     | You fall through a shaft for 3 floors!
 10981 | D:13     | Reached skill level 14 in Maces & Flails
 11076 | D:13     | Found a sparkling altar of Nemelex Xobeh.
 11105 | D:13     | Reached skill level 3 in Dodging
 11183 | D:13     | Reached skill level 3 in Armour
 11249 | D:13     | Received a gift from Nemelex Xobeh
 11274 | D:12     | Found Cusish's Distillery.
 11278 | D:12     | Bought a potion of heal wounds for 55 gold pieces
 11278 | D:12     | Bought a potion of might for 44 gold pieces
 11278 | D:12     | Bought a potion of might for 44 gold pieces
 11528 | D:11     | Noticed a purple ugly thing
 11535 | D:11     | Reached skill level 4 in Armour
 11540 | D:11     | Reached skill level 4 in Dodging
 11551 | D:11     | Killed a purple ugly thing
 11551 | D:11     | Reached skill level 10 in Fighting
 11561 | D:11     | Noticed Sonja
 11566 | D:11     | Noticed Sonja
 11566 | D:11     | Sonja changed into Sonja the spriggan
 11566 | D:11     | Killed Sonja the spriggan
 11934 | D:11     | Identified a +0 plate armour (You found it on level 11 of the Dungeon)
 11951 | D:11     | Identified a +0 pair of boots of stealth (You found it on level 7 of the Dungeon)
 11969 | D:11     | Received a gift from Nemelex Xobeh
 12049 | D:10     | Reached XP level 11. HP: 86/99 MP: 13/13
 12272 | D:10     | Reached ***** piety under Nemelex Xobeh
 12464 | D:10     | Received a gift from Nemelex Xobeh
 12947 | D:9      | Received a gift from Nemelex Xobeh
 12964 | D:9      | Reached skill level 15 in Maces & Flails
 13036 | D:9      | Reached skill level 5 in Armour
 13100 | D:9      | Noticed Psyche
 13104 | D:9      | Found a snail-covered altar of Cheibriados.
 13108 | D:9      | Killed Psyche
 13163 | D:9      | Found Kiuvuaw's Book Shop.
 13278 | D:9      | Noticed Erolcha
 13280 | D:9      | Noticed Erolcha
 13280 | D:9      | Erolcha changed into Erolcha the crocodile
 13288 | D:9      | Killed Erolcha the crocodile
 13345 | D:9      | Identified an amulet of guardian spirit (You found it on level 9 of the Dungeon)
 13582 | D:9      | Identified a +3 leather armour (You found it on level 1 of the Dungeon)
 13602 | D:9      | Identified a +1 leather armour of cold resistance (You found it on level 9 of the Dungeon)
 13612 | D:9      | Identified a cursed +0 ring mail (You found it on level 4 of the Dungeon)
 14062 | D:11     | Received a gift from Nemelex Xobeh
 14111 | D:11     | Reached skill level 5 in Dodging
 14349 | D:11     | Noticed a two-headed ogre
 14359 | D:11     | Killed a two-headed ogre
 14413 | D:11     | Identified 2 potions of cancellation
 14494 | D:11     | Identified a +2 pair of gloves (You found it on level 11 of the Dungeon)
 14499 | D:11     | Noticed a six-headed hydra
 14513 | D:11     | Killed a six-headed hydra
 14513 | D:11     | Reached skill level 6 in Armour
 14778 | D:11     | Identified 2 scrolls of recharging
 14810 | D:11     | Found a staircase to the Orcish Mines.
 14848 | D:11     | Noticed a seven-headed hydra
 14853 | D:11     | Killed a seven-headed hydra
 14950 | D:11     | Killed an unseen horror
 15128 | D:12     | Reached skill level 11 in Fighting
 15128 | D:12     | Reached skill level 16 in Maces & Flails
 15128 | D:12     | Reached skill level 6 in Dodging
 15335 | D:12     | Noticed a deep elf mage
 15384 | D:12     | Killed a deep elf mage
 15453 | D:12     | Noticed a two-headed ogre
 15468 | D:12     | Killed a two-headed ogre
 15798 | D:12     | Noticed a four-headed hydra
 15806 | D:12     | Killed a four-headed hydra
 15806 | D:12     | Reached skill level 7 in Armour
 15806 | D:12     | Reached XP level 12. HP: 78/110 MP: 8/14
 16174 | D:12     | Identified a ring of loudness (You found it on level 12 of the Dungeon)
 16439 | Lair:1   | Entered Level 1 of the Lair of Beasts
 16635 | D:8      | Bought an uncursed ring of poison resistance for 260 gold pieces
 16917 | Lair:1   | Received a gift from Nemelex Xobeh
 16942 | Lair:1   | Identified a +0 large shield (You found it on level 1 of the Lair of Beasts)
 17165 | Lair:1   | Reached skill level 1 in Shields
 17173 | Lair:1   | Reached skill level 7 in Dodging
 17267 | Lair:1   | Reached skill level 2 in Shields
 17363 | Lair:1   | Noticed a six-headed hydra
 17369 | Lair:1   | Killed a six-headed hydra
 17544 | Lair:1   | Reached skill level 3 in Shields
 17809 | Lair:2   | Received a gift from Nemelex Xobeh
 17817 | Lair:2   | Found a labyrinth entrance.
 17826 | Lab      | Entered a labyrinth
 17835 | Lab      | Reached skill level 6 in Invocations
 17858 | Lab      | Identified a potion of flight
 18044 | Lab      | Identified a cursed -2 chain mail (You found it in a labyrinth)
 18067 | Lab      | Identified an amulet of regeneration (You found it on level 1 of the Lair of Beasts)
 18154 | Lab      | Reached skill level 8 in Armour
 18189 | Lab      | Reached skill level 4 in Shields
 18221 | Lab      | Identified a ring of protection from cold (You found it in a labyrinth)
 18353 | Lab      | Noticed a minotaur
 18359 | Lab      | HP: 24/111 [minotaur (21)]
 18362 | Lab      | Killed a minotaur
 18474 | Lab      | Identified Weokke Kixza's Guide on Hurtful Stones
 18745 | Lab      | Got a dazzling dagger
 18770 | Lab      | Identified an amulet of reflection (You found it in a labyrinth)
 18788 | Lab      | Identified a +2 large shield of protection (You found it in a labyrinth)
 18820 | Lair:2   | Received a gift from Nemelex Xobeh
 18858 | Lair:2   | Reached skill level 5 in Shields
 19138 | Lair:2   | Noticed Nergalle
 19156 | Lair:2   | Killed Nergalle
 19304 | Lair:2   | Noticed Gastronok
 19320 | Lair:2   | Killed Gastronok
 19320 | Lair:2   | Reached skill level 12 in Fighting
 19328 | Lair:2   | Identified a +0 hat of magic resistance (You took it off Gastronok on level 2 of the Lair of Beasts)
 19340 | Lair:2   | Identified +0 steam dragon scales
 19340 | Lair:2   | Reached skill level 6 in Shields
 19532 | Lair:2   | Noticed a five-headed hydra
 19541 | Lair:2   | Killed a five-headed hydra
 19685 | Lair:2   | Received a gift from Nemelex Xobeh
 19766 | Lair:2   | Found a staircase to the Shoals.
 20093 | Lair:3   | Noticed an eight-headed hydra
 20095 | Lair:3   | Killed an eight-headed hydra
 20095 | Lair:3   | Reached skill level 8 in Dodging
 20144 | Lair:3   | Reached XP level 13. HP: 118/118 MP: 17/17
 20175 | Lair:3   | Identified the +6 dagger of Cumata Xoah {freeze, *Noise Str+5} (You found it in a labyrinth)
 20215 | Lair:3   | Reached skill level 9 in Armour
 20401 | Lair:3   | Noticed a cacodemon
 20405 | Lair:3   | Reached skill level 7 in Shields
 20405 | Lair:3   | Reached skill level 7 in Invocations
 20649 | Lair:3   | Received a gift from Nemelex Xobeh
 21358 | Lair:4   | Identified a +2 shield of fire resistance (You found it on level 4 of the Lair of Beasts)
 21440 | Lair:4   | Reached skill level 8 in Shields
 21443 | Lair:4   | Found a hole to the Spider Nest.
 21682 | Lair:4   | Received a gift from Nemelex Xobeh
 21831 | Lair:4   | Received a gift from Nemelex Xobeh
 22048 | Lair:4   | Reached skill level 9 in Dodging
 22304 | Lair:4   | Reached skill level 9 in Shields
 22470 | Lair:4   | Reached skill level 8 in Invocations
 22691 | Lair:4   | Reached skill level 13 in Fighting
 22800 | Lair:5   | Received a gift from Nemelex Xobeh
 22997 | Lair:5   | Identified a ring of see invisible (You found it on level 5 of the Lair of Beasts)
 23038 | Lair:5   | Found a viscous altar of Jiyva.
 23038 | Lair:5   | Found a staircase to the Slime Pits.
 23042 | Lair:5   | Received a gift from Nemelex Xobeh
 23293 | Lair:5   | Reached ****** piety under Nemelex Xobeh
 23419 | Lair:5   | Reached skill level 10 in Shields
 24057 | Lair:6   | Entered Level 6 of the Lair of Beasts
 24128 | Lair:6   | Received a gift from Nemelex Xobeh
 24371 | Lair:6   | Found a runed door.
 24443 | Lair:6   | Reached skill level 11 in Shields
 24451 | Lair:6   | Reached XP level 14. HP: 51/129 MP: 19/19
 25172 | Lair:6   | Reached skill level 9 in Invocations
 25622 | Lair:6   | Received a gift from Nemelex Xobeh
 26120 | Lair:6   | Reached skill level 12 in Shields
 26622 | Lair:6   | Reached skill level 14 in Fighting
 26735 | Lair:6   | Received a gift from Nemelex Xobeh
 27007 | Lair:6   | Reached skill level 13 in Shields
 27007 | Lair:6   | Reached skill level 10 in Invocations
 27686 | Orc:1    | Entered Level 1 of the Orcish Mines
 27730 | Orc:2    | Entered Level 2 of the Orcish Mines
 28028 | Orc:1    | Found a shimmering altar of Xom.
 28032 | Orc:1    | Received a gift from Nemelex Xobeh
 28038 | Orc:1    | Found Pagi's Assorted Antiques.
 28070 | Orc:1    | Bought a potion of heal wounds for 140 gold pieces
 28070 | Orc:1    | Bought a potion of heal wounds for 140 gold pieces
 28591 | Orc:2    | Found a roughly hewn altar of Beogh.
 28727 | Orc:2    | Found a staircase to the Elven Halls.
 29207 | Orc:2    | Reached skill level 14 in Shields
 29674 | Orc:2    | Reached XP level 15. HP: 137/139 MP: 21/21
 29999 | Orc:2    | Found Huelud's General Store.
 30002 | Orc:2    | Found Gownoehasa's Weapon Shop.
 30003 | Orc:2    | Found Apurof's Weapon Shop.
 30004 | Orc:2    | Found Oriymusi's Distillery.
 30010 | Orc:2    | Bought 2 potions of agility for 128 gold pieces
 30011 | Orc:2    | Bought a scroll of identify for 32 gold pieces
 30011 | Orc:2    | Identified 2 scrolls of enchant armour
 30042 | Orc:2    | Identified a +3 plate armour (You found it on level 2 of the Orcish Mines)
 30789 | D:13     | Found a portal to a secret trove of treasure.
 30883 | D:13     | Reached skill level 15 in Fighting
 31087 | D:13     | Noticed Urug
 31105 | D:13     | Killed Urug
 31522 | Orc:2    | Bought a +2 morningstar of holy wrath for 288 gold pieces
 31690 | D:14     | Received a gift from Nemelex Xobeh
 31803 | D:14     | Reached skill level 15 in Shields
 31803 | D:14     | Reached skill level 11 in Invocations
 32496 | D:14     | Found a gate to the Vaults.
 32545 | D:15     | Entered Level 15 of the Dungeon
 32641 | D:15     | Identified a +0 troll leather armour
 32782 | D:15     | Reached skill level 10 in Armour
 32887 | D:15     | Found a sparkling altar of Nemelex Xobeh.
 33093 | D:15     | Reached skill level 10 in Dodging
 33356 | D:15     | Found a staircase to the Depths.
 33423 | D:15     | Received a gift from Nemelex Xobeh
 34213 | Spider:1 | Entered Level 1 of the Spider Nest
 34617 | Spider:1 | Reached XP level 16. HP: 126/150 MP: 23/23
 34809 | Spider:1 | Reached skill level 11 in Armour
 34966 | Spider:1 | Identified 3 scrolls of torment
 34969 | Spider:1 | Received a gift from Nemelex Xobeh
 35060 | Spider:1 | Noticed Azrael
 35077 | Spider:1 | Killed Azrael
 35398 | Spider:1 | Noticed Nikola
 35420 | Spider:1 | HP: 20/151 [Nikola/bolt of lightning (47)]
 35428 | Spider:1 | You fall through a shaft!
 35808 | Spider:2 | Reached skill level 16 in Fighting
 35841 | Spider:2 | Reached skill level 11 in Dodging
 35861 | Spider:2 | Got a transparent falchion
 35862 | Spider:2 | Identified the cursed +3 falchion "Jymedgh" {freeze, rC+ rN+ Int+2} (You found it on level 2 of the Spider Nest)
 35941 | Spider:2 | Identified 4 scrolls of enchant weapon
 36040 | Spider:2 | Received a gift from Nemelex Xobeh
 36366 | Spider:2 | Noticed an entropy weaver
 36430 | Spider:2 | Killed an entropy weaver
 36539 | Spider:2 | Identified a ring of ice (You found it on level 2 of the Spider Nest)
 36830 | Spider:2 | Reached skill level 12 in Armour
 37010 | Spider:2 | Received a gift from Nemelex Xobeh
 37486 | Spider:2 | Reached skill level 12 in Invocations
 37647 | Spider:3 | Identified 3 scrolls of brand weapon
 37674 | Spider:3 | Reached skill level 12 in Dodging
 37860 | Spider:3 | Identified a ring of magical power (You found it on level 3 of the Spider Nest)
 37884 | Spider:3 | Received a gift from Nemelex Xobeh
 38213 | Spider:3 | Noticed Arachne
 38229 | Spider:3 | Killed Arachne
 38229 | Spider:3 | Reached skill level 13 in Armour
 38278 | Spider:3 | Identified 3 scrolls of fog
 38717 | Spider:4 | Entered Level 4 of the Spider Nest
 39439 | Spider:4 | Reached XP level 17. HP: 80/160 MP: 25/25
 39470 | Spider:4 | HP: 40/160 [poisoned by a redback]
 39475 | Spider:4 | HP: 40/160 [poisoned by a redback]
 39480 | Spider:4 | HP: 40/160 [poisoned by a redback]
 39488 | Spider:4 | HP: 40/160 [poisoned by a redback]
 39837 | Spider:4 | Identified 2 scrolls of vulnerability
 39900 | Spider:4 | Noticed an entropy weaver
 39910 | Spider:4 | Killed an entropy weaver
 40410 | Spider:4 | Reached skill level 1 in Evocations
 40577 | Spider:4 | Reached skill level 2 in Evocations
 40682 | Spider:4 | Reached skill level 14 in Armour
 40752 | Spider:4 | Reached skill level 13 in Dodging
 40892 | Spider:4 | Received a gift from Nemelex Xobeh
 40984 | Spider:4 | Reached skill level 3 in Evocations
 41210 | Spider:4 | Got a gossamer rune of Zot
 41295 | Spider:4 | Identified a cursed +0 plate armour (You found it on level 3 of the Spider Nest)
 41449 | Spider:1 | Identified 2 scrolls of amnesia
 41547 | Shoals:1 | Entered Level 1 of the Shoals
 41672 | Shoals:1 | Reached skill level 4 in Evocations
 42168 | Shoals:1 | Received a gift from Nemelex Xobeh
 42189 | Shoals:1 | Identified a scroll of acquirement
 42196 | Shoals:1 | Got a pair of steaming boots
 42208 | Shoals:1 | Identified the +0 pair of boots of the Will of the Gods {rPois Dex+3} (You acquired it on level 1 of the Shoals)
 42670 | Shoals:1 | Reached skill level 5 in Evocations
 42750 | Shoals:1 | Reached skill level 13 in Invocations
 43373 | Shoals:2 | Received a gift from Nemelex Xobeh
 43424 | Shoals:2 | Reached skill level 6 in Evocations
 43658 | Shoals:2 | Noticed a kraken
 43694 | Shoals:2 | Killed a kraken
 43917 | Shoals:2 | Reached XP level 18. HP: 165/168 MP: 26/26
 44388 | Shoals:3 | Received a gift from Nemelex Xobeh
 44388 | Shoals:3 | Received a gift from Nemelex Xobeh
 44440 | Shoals:3 | Noticed Donald
 44445 | Shoals:3 | Killed Donald
 44445 | Shoals:3 | Reached skill level 15 in Armour
 44481 | Shoals:3 | Noticed Roxanne
 44534 | Shoals:3 | Noticed Polyphemus
 44547 | Shoals:3 | Killed Polyphemus
 44547 | Shoals:3 | Reached skill level 7 in Evocations
 44560 | Shoals:3 | Killed Roxanne
 44561 | Shoals:3 | Identified Roxanne's Disquisition on Changing (You took it off Roxanne on level 3 of the Shoals)
 44931 | Shoals:3 | Reached skill level 14 in Dodging
 45063 | Shoals:3 | Noticed Aizul
 45084 | Shoals:3 | Killed Aizul
 45544 | Shoals:4 | Entered Level 4 of the Shoals
 45544 | Shoals:4 | Noticed Mara
 45557 | Shoals:3 | Noticed hittemv20vhard's illusion
 45557 | Shoals:3 | Killed Mara
 45613 | Shoals:4 | Identified a potion of berserk rage
 45614 | Shoals:4 | Identified a scroll of magic mapping
 45615 | Shoals:4 | Identified a scroll of silence
 45616 | Shoals:4 | Identified a scroll of fear
 46286 | Shoals:4 | Noticed Kirke
 46295 | Shoals:4 | Killed Kirke
 46295 | Shoals:4 | Reached skill level 8 in Evocations
 46382 | Shoals:4 | Identified a +4 morningstar of distortion (You found it on level 4 of the Shoals)
 46778 | Shoals:4 | Received a gift from Nemelex Xobeh
 46799 | Shoals:4 | Noticed Ilsuiw
 46815 | Shoals:4 | Killed Ilsuiw
 46815 | Shoals:4 | Reached skill level 17 in Fighting
 47399 | Shoals:4 | Got a barnacled rune of Zot
 47958 | Vaults:1 | Entered Level 1 of the Vaults
 47965 | Vaults:1 | Identified +0 acid dragon scales
 48036 | Vaults:1 | Noticed a lich
 48052 | Vaults:1 | Killed a lich
 48159 | Vaults:1 | Received a gift from Nemelex Xobeh
 48195 | Vaults:1 | Reached skill level 9 in Evocations
 48202 | Vaults:1 | Identified +0 fire dragon scales
 48219 | Vaults:1 | Reached XP level 19. HP: 131/177 MP: 28/28
 48480 | Vaults:1 | Received a gift from Nemelex Xobeh
 48530 | Vaults:1 | Reached skill level 14 in Invocations
 48590 | Vaults:1 | Identified a +0 troll leather armour
 48887 | Vaults:1 | Received a gift from Nemelex Xobeh
 49205 | Vaults:1 | Identified +0 ice dragon scales
 49221 | Vaults:1 | Reached skill level 16 in Shields
 49514 | Vaults:1 | Reached skill level 16 in Armour
 49712 | Vaults:1 | Received a gift from Nemelex Xobeh
 49967 | Vaults:1 | Reached skill level 15 in Dodging
 50263 | Vaults:1 | Received a gift from Nemelex Xobeh
 50475 | Vaults:2 | Found a flickering gateway to a bazaar.
 50544 | Bazaar   | Entered a bazaar
 50545 | Bazaar   | Found Juanloareny's Magic Scroll Emporium.
 50545 | Bazaar   | Found Cejit's Gadget Emporium.
 50546 | Bazaar   | Found Utint's Food Boutique.
 50579 | Bazaar   | Found Systrio's Antique Armour Shop.
 50598 | Bazaar   | Bought a scroll of identify for 28 gold pieces
 50598 | Bazaar   | Bought a scroll of identify for 28 gold pieces
 50598 | Bazaar   | Bought a scroll of silence for 105 gold pieces
 50598 | Bazaar   | Bought a scroll of fog for 28 gold pieces
 50598 | Bazaar   | Bought a scroll of silence for 105 gold pieces
 50598 | Bazaar   | Bought a scroll of magic mapping for 49 gold pieces
 50614 | Bazaar   | Bought a phantom mirror for 360 gold pieces
 50614 | Bazaar   | Bought a box of beasts for 240 gold pieces
 50614 | Bazaar   | Bought a wand of scattershot (6/9) for 360 gold pieces
 50769 | Vaults:2 | Found an ancient bone altar of Kikubaaqudgha.
 50781 | Vaults:2 | Found Biwug's Distillery.
 50789 | Vaults:2 | Bought 2 potions of ambrosia for 240 gold pieces
 50789 | Vaults:2 | Bought a potion of heal wounds for 75 gold pieces
 50789 | Vaults:2 | Bought a potion of curing for 45 gold pieces
 50789 | Vaults:2 | Bought a potion of mutation for 120 gold pieces
 50789 | Vaults:2 | Bought a potion of curing for 45 gold pieces
 50789 | Vaults:2 | Bought a potion of might for 60 gold pieces
 50789 | Vaults:2 | Bought a potion of curing for 45 gold pieces
 50793 | Vaults:2 | Received a gift from Nemelex Xobeh
 50799 | Vaults:2 | Found Xezopim's Magic Scroll Boutique.
 50802 | Vaults:2 | Bought a scroll of teleportation for 39 gold pieces
 50802 | Vaults:2 | Bought a scroll of teleportation for 39 gold pieces
 50802 | Vaults:2 | Bought a scroll of summoning for 123 gold pieces
 50802 | Vaults:2 | Bought a scroll of teleportation for 39 gold pieces
 50802 | Vaults:2 | Bought a scroll of fog for 26 gold pieces
 50802 | Vaults:2 | Bought a scroll of identify for 26 gold pieces
 50825 | Vaults:2 | Identified the cursed +1 plate armour of Good Intentions {Str+6 Dex-4} (You found it on level 2 of the Vaults)
 51710 | Vaults:2 | Paralysed by a sphinx for 2 turns
 51962 | Vaults:2 | Found a staircase to the Crypt.
 52095 | Vaults:2 | Reached skill level 18 in Fighting
 52250 | Vaults:2 | Identified the +1 pair of gloves "Sostuatu" {Str+3} (You acquired it on level 2 of the Vaults)
 52436 | Vaults:2 | Identified the +0 shield "Hadigorch" {rN+ rCorr Dex+3 Stlth+} (You acquired it on level 2 of the Vaults)
 52572 | Vaults:2 | Received a gift from Nemelex Xobeh
 52646 | Vaults:2 | Found Vuumnatse's Weapon Shoppe.
 52669 | Vaults:2 | Identified a +0 troll leather armour
 52888 | Vaults:2 | Identified a +0 troll leather armour
 52927 | Vaults:2 | Found Feqo's Antique Weapon Boutique.
 53100 | Vaults:2 | Bought a bloodstained flail for 348 gold pieces
 53100 | Vaults:2 | Bought a shimmering dire flail for 369 gold pieces
 53110 | Vaults:2 | Identified the +7 flail "Dociptisaf" {freeze, rC+} (You bought it in a shop on level 2 of the Vaults)
 53112 | Vaults:2 | Identified the +6 dire flail "Jemodgh" {antimagic, *Noise +Rage +Fly} (You bought it in a shop on level 2 of the Vaults)
 53318 | Vaults:3 | Reached XP level 20. HP: 187/187 MP: 29/29
 53520 | Vaults:3 | Received a gift from Nemelex Xobeh
 53670 | Vaults:3 | Identified a +0 troll leather armour
 53675 | Vaults:3 | Identified a +0 troll leather armour
 53934 | Vaults:3 | Reached skill level 17 in Shields
 54111 | Vaults:3 | Identified a +1 pair of gloves of strength (You found it on level 3 of the Vaults)
 54129 | Vaults:3 | Received a gift from Nemelex Xobeh
 54167 | Vaults:3 | Noticed a deep elf sorcerer
 54168 | Vaults:3 | Reached skill level 17 in Armour
 54168 | Vaults:3 | Reached skill level 10 in Evocations
 54188 | Vaults:3 | Killed a deep elf sorcerer
 54270 | Vaults:3 | Identified a +0 troll leather armour
 54733 | Vaults:3 | Reached skill level 16 in Dodging
 55317 | Vaults:3 | Got a warped bronze ring
 55319 | Vaults:3 | Identified the ring of Henotheism {Ice -Tele +Fly Int+6} (You found it on level 3 of the Vaults)
 55422 | Vaults:4 | Received a gift from Nemelex Xobeh
 55885 | Vaults:4 | Noticed Boris
 55902 | Vaults:4 | Killed Boris
 56202 | Vaults:4 | Noticed an entropy weaver
 56232 | Vaults:3 | Killed an entropy weaver
 56235 | Vaults:3 | HP: 44/189 [two-headed ogre/dire flail (11)]
 56240 | Vaults:3 | HP: 44/189 [poisoned by a redback]
 56247 | Vaults:3 | HP: 45/189 [poisoned by a redback]
 56255 | Vaults:3 | HP: 46/189 [poisoned by a redback]
 57007 | Vaults:4 | Noticed a lich
 57029 | Vaults:4 | Killed a lich
 57029 | Vaults:4 | Reached XP level 21. HP: 179/196 MP: 10/30
 57317 | Vaults:4 | Reached skill level 19 in Fighting
 57566 | Vaults:4 | Reached skill level 18 in Shields
 57614 | Vaults:4 | Reached skill level 18 in Armour
 58368 | Vaults:4 | Received a gift from Nemelex Xobeh
 59096 | Lair:2   | Reached skill level 15 in Invocations
 59288 | Depths:1 | Entered Level 1 of the Depths
 59292 | Depths:1 | Reached skill level 17 in Dodging
 59328 | Depths:1 | Noticed Asterion
 59596 | D:15     | Identified a +5 demon whip (You took it off a hell knight on level 15 of the Dungeon)
 59815 | D:13     | You paid a toll of a +5 demon whip to enter a treasure trove
 59816 | Trove    | Entered a treasure trove
 59823 | Trove    | Identified a scroll of holy word
 59876 | Trove    | Identified Sif Muna's Collected Works on Feathery Intoxication
 59879 | Trove    | Identified Sif Muna's Disquisition on Flight and the Entourage
 59901 | Trove    | Identified Sif Muna's Collected Works on Gliding Dislocation
 60025 | D:15     | Identified 2 potions of degeneration
 60525 | D:15     | Killed Asterion
 61045 | D:15     | Reached skill level 19 in Armour
 61357 | Depths:1 | Identified +0 fire dragon scales
 61507 | Depths:1 | Identified a +0 troll leather armour
 61558 | Depths:1 | Reached skill level 16 in Invocations
 61983 | Depths:1 | Identified a +0 troll leather armour
 61985 | Depths:1 | Identified a +0 troll leather armour
 62062 | Depths:1 | Reached skill level 20 in Fighting
 62387 | Depths:1 | Received a gift from Nemelex Xobeh
 62557 | Depths:1 | Found a gateway to Hell.
 62658 | Depths:2 | Reached skill level 20 in Armour
 62789 | Depths:2 | Reached XP level 22. HP: 209/209 MP: 33/33
 63015 | Depths:2 | Identified a +0 troll leather armour
 63035 | Depths:2 | Identified a +0 troll leather armour
 63054 | Depths:2 | Reached skill level 17 in Invocations
 63059 | Depths:2 | Identified a +0 troll leather armour
 63955 | Depths:1 | Reached skill level 21 in Armour
 63958 | Depths:1 | Identified a +0 troll leather armour
 64288 | Depths:1 | Identified a +0 troll leather armour
 64608 | Depths:2 | Paralysed by a vampire knight for 6 turns
 64637 | Depths:2 | Reached skill level 18 in Invocations
 64981 | Depths:1 | Identified a +0 plate armour of cold resistance (You took it off a hell knight on level 2 of the Depths)
 65132 | Depths:2 | Received a gift from Nemelex Xobeh
 65157 | Depths:2 | Noticed a juggernaut
 65172 | Depths:2 | Killed a juggernaut
 65172 | Depths:2 | Reached skill level 21 in Fighting
 65392 | Depths:2 | Got an encrusted halberd {chop}
 65540 | Depths:2 | Reached skill level 22 in Armour
 65623 | Depths:2 | Found Zyraar's Jewellery Emporium.
 65681 | Depths:2 | Found a gateway to a ziggurat.
 65783 | Depths:2 | Received a gift from Nemelex Xobeh
 66002 | Depths:3 | Paralysed by a great orb of eyes for 7 turns
 66016 | Depths:3 | Noticed Boris
 66018 | Depths:3 | Noticed a golden dragon
 66046 | Depths:3 | Killed a golden dragon
 66070 | Depths:3 | Noticed a caustic shrike
 66086 | Depths:3 | Killed a caustic shrike
 66334 | Depths:3 | Received a gift from Nemelex Xobeh
 66341 | Depths:3 | Noticed a lich
 66351 | Depths:3 | Killed a lich
 66515 | Depths:3 | Identified +0 fire dragon scales
 66636 | Depths:3 | Reached skill level 19 in Invocations
 66700 | Depths:3 | Found a one-way gate leading to the halls of Pandemonium.
 66733 | Depths:3 | Banished Boris
 67184 | Depths:3 | Noticed a golden dragon
 67185 | Depths:3 | Noticed a lich
 67193 | Depths:3 | Killed a lich
 67256 | Depths:3 | Reached skill level 22 in Fighting
 67268 | Depths:3 | Killed a golden dragon
 67583 | Depths:3 | Reached XP level 23. HP: 213/224 MP: 35/35
 67609 | Depths:3 | Received a gift from Nemelex Xobeh
 67717 | Depths:3 | Identified a +0 troll leather armour
 67724 | Depths:3 | Identified a +0 troll leather armour
 67734 | Depths:3 | Identified a +0 troll leather armour
 68342 | Depths:4 | Noticed Xtahua
 68351 | Depths:4 | Reached skill level 23 in Fighting
 68373 | Depths:4 | Killed Xtahua
 68653 | Depths:4 | Noticed Jorgrun
 68682 | Depths:4 | Killed Jorgrun
 69143 | Depths:4 | Received a gift from Nemelex Xobeh
 69239 | Depths:4 | Reached skill level 24 in Fighting
 69302 | Depths:4 | Noticed a juggernaut
 69302 | Depths:4 | a titan changed into a juggernaut
 69303 | Depths:4 | Noticed a shard shrike
 69303 | Depths:4 | a juggernaut changed into a shard shrike
 69306 | Depths:4 | a shard shrike changed into a titan
 69310 | Depths:4 | Noticed a juggernaut
 69310 | Depths:4 | a titan changed into a juggernaut
 69311 | Depths:4 | Killed a juggernaut
 69450 | Depths:4 | Found a one-way gate to the infinite horrors of the Abyss.
 69481 | Depths:4 | Got a pitted morningstar
 69482 | Depths:4 | Identified the cursed +0 morningstar "Juthrui" {venom, +Rage rPois MP-9 Stlth-} (You found it on level 4 of the Depths)
 70711 | Depths:4 | Gained mutation: Your mind is acute. (Int +2) [potion of mutation]
 70711 | Depths:4 | Lost mutation: Your mind is acute. (Int +2) [potion of mutation]
 70711 | Depths:4 | Gained mutation: You are partially covered in icy blue scales. (AC +2) [potion of mutation]
 70712 | Depths:4 | Lost mutation: You are partially covered in icy blue scales. (AC +2) [potion of mutation]
 70712 | Depths:4 | Gained mutation: Scrolls take you a little longer to read. [potion of mutation]
 70712 | Depths:4 | Gained mutation: You have large cloven feet. [potion of mutation]
 70713 | Depths:4 | Lost mutation: You have large cloven feet. [potion of mutation]
 70713 | Depths:4 | Lost mutation: Scrolls take you a little longer to read. [potion of mutation]
 70713 | Depths:4 | Gained mutation: Scrolls take you a little longer to read. [potion of mutation]
 70713 | Depths:4 | Gained mutation: You possess an exceptional clarity of mind. [potion of mutation]
 70714 | Depths:4 | Lost mutation: Scrolls take you a little longer to read. [potion of mutation]
 70714 | Depths:4 | Lost mutation: You possess an exceptional clarity of mind. [potion of mutation]
 70714 | Depths:4 | Gained mutation: You evolve. [potion of mutation]
 70714 | Depths:4 | Gained mutation: You are robust. (+10% HP) [potion of mutation]
 71736 | Depths:4 | Gained mutation: Your flesh is cold resistant. (rC+) [evolution]
 71872 | Depths:5 | Entered Level 5 of the Depths
 71872 | Depths:5 | Noticed Jory
 71899 | Depths:5 | Killed Jory
 72172 | Depths:5 | Found Gurrekal's General Store.
 72177 | Depths:5 | Bought a wand of digging (1/24) for 110 gold pieces
 72177 | Depths:5 | Bought a scroll of teleportation for 33 gold pieces
 72177 | Depths:5 | Bought a scroll of fog for 22 gold pieces
 72185 | Depths:5 | Found Roys's Gadget Emporium.
 72186 | Depths:5 | Received a gift from Nemelex Xobeh
 72200 | Depths:5 | Bought a sack of spiders for 340 gold pieces
 72200 | Depths:5 | Bought a box of beasts for 340 gold pieces
 72200 | Depths:5 | Bought a box of beasts for 340 gold pieces
 72469 | Depths:5 | Found a gate to the Realm of Zot.
 72512 | Depths:5 | Reached skill level 19 in Shields
 72999 | Depths:5 | Identified a +1 hat (You found it on level 5 of the Depths)
 73162 | Depths:5 | Identified a +0 troll leather armour
 73166 | Depths:5 | Identified a +0 troll leather armour
 73599 | Depths:5 | Reached skill level 18 in Dodging
 73608 | Depths:5 | Reached XP level 24. HP: 212/261 MP: 35/35
 73753 | Depths:5 | Reached skill level 11 in Evocations
 73943 | Depths:5 | Noticed the Enchantress
 73973 | Depths:5 | Killed the Enchantress
 74188 | Depths:5 | Got a twisted hand crossbow
 74190 | Depths:5 | Got faerie dragon scales
 74202 | Depths:5 | Identified the +4 faerie dragon scales {MR- Regen+ rCorr HP+3 MP+3 Dex+9} (You took it off the Enchantress on level 5 of the Depths)
 74354 | Depths:5 | Identified +0 fire dragon scales
 74354 | Depths:5 | Reached skill level 12 in Evocations
 74678 | Depths:5 | Received a gift from Nemelex Xobeh
 74737 | Depths:5 | Noticed a caustic shrike
 74737 | Depths:5 | an acid blob changed into a caustic shrike
 74739 | Depths:5 | a caustic shrike changed into a shadow dragon
 75364 | Vaults:4 | Identified +0 ice dragon scales
 75445 | Vaults:5 | Entered Level 5 of the Vaults
 75445 | Vaults:5 | Noticed a deep elf sorcerer
 75445 | Vaults:5 | Noticed a deep elf demonologist
 75496 | Vaults:4 | Reached skill level 13 in Evocations
 75729 | Vaults:4 | Killed a deep elf sorcerer
 76157 | Vaults:4 | Killed a deep elf demonologist
 76285 | Vaults:5 | Reached skill level 14 in Evocations
 76310 | Vaults:4 | Noticed an entropy weaver
 76310 | Vaults:4 | a tyrant leech changed into an entropy weaver
 76312 | Vaults:4 | an entropy weaver changed into a tyrant leech
 76314 | Vaults:4 | Reached skill level 20 in Shields
 76455 | Vaults:5 | Identified a +0 troll leather armour
 76589 | Vaults:5 | Noticed a deep elf sorcerer
 76598 | Vaults:5 | Killed a deep elf sorcerer
 76652 | Vaults:5 | Gained mutation: You have sharp toenails. [evolution]
 76718 | Vaults:5 | Identified a +0 troll leather armour
 76737 | Vaults:5 | Noticed a deep elf sorcerer
 76745 | Vaults:5 | Killed a deep elf sorcerer
 77054 | Vaults:5 | Reached skill level 15 in Evocations
 77134 | Vaults:5 | Reached XP level 25. HP: 269/269 MP: 35/35
 77959 | Vaults:5 | Found Beklaen's Antique Weapon Shoppe.
 77995 | Vaults:5 | Got a silver rune of Zot
 78249 | Vaults:5 | Reached skill level 21 in Shields
 78412 | Vaults:5 | Identified Hamilu Copu's Collected Works on Stones and Intoxication
 78768 | Vaults:5 | Found Badi's Gadget Emporium.
 78776 | Vaults:5 | Bought a box of beasts for 400 gold pieces
 78776 | Vaults:5 | Bought a box of beasts for 400 gold pieces
 79190 | Depths:4 | hittemv20vhard: 31/32/32
 79200 | Depths:4 | hittemv20vhard: 28/32/24
 79621 | Crypt:1  | Entered Level 1 of the Crypt
 79775 | Crypt:1  | Received a gift from Nemelex Xobeh
 79995 | Crypt:1  | Reached skill level 19 in Dodging
 80174 | Crypt:1  | Received a gift from Nemelex Xobeh
 80347 | Crypt:2  | Reached skill level 16 in Evocations
 80415 | Crypt:2  | Noticed a curse skull
 80425 | Crypt:2  | Killed a curse skull
 80425 | Crypt:2  | Reached skill level 23 in Armour
 81100 | Crypt:2  | Received a gift from Nemelex Xobeh
 81284 | Crypt:3  | Entered Level 3 of the Crypt
 81734 | Crypt:3  | Received a gift from Nemelex Xobeh
 81946 | Crypt:3  | Found an ancient bone altar of Kikubaaqudgha.
 82079 | Crypt:3  | Reached skill level 20 in Invocations
 82143 | Crypt:3  | Noticed an ancient lich
 82144 | Crypt:3  | Noticed a lich
 82162 | Crypt:3  | Killed an ancient lich
 82162 | Crypt:3  | Reached XP level 26. HP: 252/275 MP: 13/36
 82167 | Crypt:3  | Killed a lich
 82283 | Crypt:3  | Identified the ring of Faoraj {rElec rN+ MR+ Str+2 Dex+3} (You found it on level 3 of the Crypt)
 82284 | Crypt:3  | Identified the ring "Focoewaw" {*Contam rPois rC+ rN+} (You found it on level 3 of the Crypt)
 82285 | Crypt:3  | Identified the ring of Circularity {rN+ Int+5} (You found it on level 3 of the Crypt)
 82710 | Crypt:3  | Found a staircase to the Tomb.
 82819 | Crypt:3  | Noticed a lich
 82836 | Crypt:3  | Killed a lich
 82960 | Crypt:3  | Noticed a curse skull
 82975 | Crypt:3  | Killed a curse skull
 83206 | Crypt:3  | Noticed a curse skull
 83214 | Crypt:3  | Killed a curse skull
 83348 | Crypt:3  | Got a clouded pewter amulet
 83349 | Crypt:3  | Identified the amulet of Dogma {Faith *Corrode rF+ rC++} (You found it on level 3 of the Crypt)
 83365 | Crypt:3  | Identified a +0 pair of gloves of dexterity (You found it on level 3 of the Crypt)
 83966 | Tomb:1   | Entered Level 1 of the Tomb of the Ancients
 83969 | Tomb:1   | Received a gift from Nemelex Xobeh
 84173 | Tomb:1   | Reached skill level 20 in Dodging
 84553 | Tomb:1   | Noticed a greater mummy
 84601 | Tomb:1   | Banished a greater mummy
 84885 | Tomb:1   | Gained mutation: Your flesh is heat resistant. (rF+) [evolution]
 84992 | Tomb:1   | Noticed a greater mummy
 85045 | Tomb:1   | Killed a greater mummy
 85088 | Tomb:1   | Received a gift from Nemelex Xobeh
 85138 | Tomb:1   | Noticed a greater mummy
 85155 | Tomb:1   | Banished a greater mummy
 85442 | Tomb:1   | Reached skill level 17 in Evocations
 85473 | Tomb:1   | Noticed a lich
 85482 | Tomb:1   | Killed a lich
 86523 | Depths:4 | hittemv20vhard: res: 28/34/24
 86533 | Depths:4 | hittemv20vhard: lrg: 31/33/34
 86567 | Depths:5 | Identified a +0 troll leather armour
 86571 | Depths:5 | Identified a +0 troll leather armour
 86575 | Depths:5 | Identified a +0 troll leather armour
 86585 | Depths:5 | Identified a +0 troll leather armour
 86626 | Zot:1    | Entered Level 1 of the Realm of Zot
 86690 | Depths:5 | Reached skill level 24 in Armour
 88061 | Zot:3    | Received a gift from Nemelex Xobeh
 88103 | Zot:3    | Identified +0 storm dragon scales
 88245 | Zot:3    | Identified +0 shadow dragon scales
 88504 | Zot:5    | Entered Level 5 of the Realm of Zot
 88544 | Zot:4    | Reached skill level 21 in Invocations
 88827 | Zot:5    | Reached XP level 27. HP: 277/277 MP: 13/36
 88861 | Zot:4    | Received a gift from Nemelex Xobeh
 89380 | Zot:5    | Noticed an ancient lich
 89395 | Zot:5    | Noticed an ancient lich
 89405 | Zot:5    | Killed an ancient lich
 89420 | Zot:5    | Noticed an ancient lich
 89433 | Zot:5    | Killed an ancient lich
 89433 | Zot:5    | Reached skill level 21 in Dodging
 89602 | Zot:5    | Noticed an ancient lich
 89611 | Zot:5    | Killed an ancient lich
 89747 | Zot:5    | Noticed an ancient lich
 89760 | Zot:5    | Killed an ancient lich
 89764 | Zot:5    | Noticed an ancient lich
 89780 | Zot:5    | Killed an ancient lich
 89780 | Zot:5    | Reached skill level 18 in Evocations
 89794 | Zot:5    | Noticed an ancient lich
 89805 | Zot:5    | Killed an ancient lich
 89821 | Zot:5    | Noticed an ancient lich
 89838 | Zot:5    | Noticed an ancient lich
 89847 | Zot:5    | Killed an ancient lich
 89855 | Zot:5    | Identified quicksilver dragon scales
 89876 | Zot:5    | Killed an ancient lich
 89877 | Zot:5    | Reached skill level 25 in Armour
 89929 | Zot:5    | Noticed an orb of fire
 89933 | Zot:5    | Gained mutation: Your spells are a little easier to cast, but a little less powerful. [an orb of fire]
 89939 | Zot:5    | Lost mutation: You are robust. (+10% HP) [an orb of fire]
 89940 | Zot:5    | Killed an ancient lich
 89949 | Zot:5    | Banished an orb of fire
 89968 | Zot:5    | Noticed an orb of fire
 89982 | Zot:5    | Killed an orb of fire
 90060 | Zot:5    | Noticed an orb of fire
 90061 | Zot:5    | Gained mutation: Armour fits poorly on your strangely shaped body. [evolution]
 90088 | Zot:5    | Killed an orb of fire
 90516 | Zot:5    | Got the Orb of Zot
 90573 | Zot:5    | Noticed an ancient lich
 90835 | Depths:5 | Noticed a Tzitzimitl
 90844 | Depths:5 | Killed a Tzitzimitl
 90887 | Depths:5 | Noticed a deep elf demonologist
 90894 | Depths:5 | Killed a deep elf demonologist
 91021 | Depths:1 | Reached skill level 22 in Invocations
 91071 | D:14     | Noticed a lich
 91072 | D:14     | Noticed Irphyxer the pandemonium lord
 91075 | D:13     | Noticed Xiroerr the pandemonium lord
 91157 | D:10     | Noticed Fatwies the pandemonium lord
 91232 | D:10     | Noticed Radileoz the pandemonium lord
 91261 | D:10     | Killed Radileoz the pandemonium lord
 91528 | D:$      | Escaped with the Orb!

Table legend:
 A = Turns spent in this place as a percentage of turns spent in the entire game.
 B = Non-inter-level travel turns spent in this place as a percentage of non-inter-level travel turns spent in the entire game.
 C = Inter-level travel turns spent in this place as a percentage of turns spent in this place.
 D = Turns resting spent in this place as a percentage of non-inter-level travel turns spent in this place.
 E = Turns spent auto-exploring this place as a percentage of non-inter-level travel turns spent in this place.
 F = Non-inter-level travel turns spent in this place divided by the number of levels of this place that you've seen.
                   A       B       C       D       E      F
               +-------+-------+-------+-------+-------+----------------------
         Total | 100.0 | 100.0 |   0.6 |   1.3 |   6.2 | 495.4
       Dungeon |  18.1 |  18.0 |   1.2 |   1.3 |   9.5 | 321.5
        Temple |   0.1 |   0.1 |   5.3 |   0.0 |  94.4 |  18.0
          Lair |   8.2 |   8.2 |   0.6 |   0.3 |   9.6 | 365.8
        Shoals |   7.1 |   7.1 |   0.6 |   0.6 |   6.8 | 473.0
   Spider Nest |   8.8 |   8.8 |   0.4 |   1.2 |   6.6 | 591.8
  Orcish Mines |   2.8 |   2.8 |   0.8 |   0.9 |   7.0 | 369.5
        Vaults |  16.8 |  16.8 |   0.3 |   1.1 |   6.4 | 899.4
         Crypt |   7.0 |   7.0 |   0.7 |   0.3 |   5.9 | 625.3
          Tomb |   3.6 |   3.6 |   0.9 |   3.0 |   2.0 | 963.0
        Depths |  15.2 |  15.1 |   0.9 |   2.0 |   5.3 | 809.0
           Zot |   9.1 |   9.1 |   0.0 |   2.6 |   0.1 | 487.4
     Labyrinth |   2.8 |   2.8 |   0.0 |   0.9 |   0.0 | 759.0
        Bazaar |   0.2 |   0.2 |   0.0 |   0.0 |  10.0 |  50.0
         Trove |   0.3 |   0.3 |   0.0 |   0.0 |   0.0 |  89.0
               +-------+-------+-------+-------+-------+----------------------

Table legend:
 A = Kills in this place as a percentage of kills in entire the game.
 B = Kills by you in this place as a percentage of kills by you in the entire game.
 C = Kills by friends in this place as a percentage of kills by friends in the entire game.
 D = Other kills in this place as a percentage of other kills in the entire game.
 E = Experience gained in this place as a percentage of experience gained in the entire game.
 F = Experience gained in this place divided by the number of levels of this place that you have seen.
                   A       B       C       D       E      F
               +-------+-------+-------+-------+-------+----------------------
         Total | 100.0 | 100.0 | 100.0 | 100.0 | 100.0 | 31606.3
       Dungeon |  17.2 |  17.0 |  21.5 |  15.3 |   5.4 | 6097.0
          Lair |   7.9 |   7.7 |  15.4 |   0.0 |   3.7 | 10575.5
        Shoals |   7.2 |   7.0 |   3.1 |  23.6 |   7.0 | 29743.8
   Spider Nest |  10.2 |  10.3 |  15.4 |   0.0 |   5.7 | 24491.8
  Orcish Mines |   4.6 |   4.6 |   7.7 |   0.0 |   1.1 | 9627.5
        Vaults |  22.4 |  22.4 |  14.6 |  34.7 |  27.1 | 92547.4
         Crypt |   7.9 |   8.3 |   3.8 |   2.8 |   8.5 | 48079.3
          Tomb |   2.4 |   2.2 |   3.8 |   4.2 |   3.4 | 58539.0
        Depths |  15.8 |  16.1 |  10.0 |  16.7 |  23.3 | 79651.2
           Zot |   3.9 |   3.9 |   4.6 |   2.8 |  14.6 | 49848.8
     Labyrinth |   0.4 |   0.5 |   0.0 |   0.0 |   0.2 | 2623.0
               +-------+-------+-------+-------+-------+----------------------

Skill      XL: |  1  2  3  4  5  6  7  8  9 10 11 12 13 14 15 16 17 18 19 20 21 22 23 24 25 26 27 |
---------------+----------------------------------------------------------------------------------+-----
Maces & Flails | 3 4 5 6 8 9 10 11 13 14 16 | 16.2
Fighting       | 5 7 8 10 11 12 13 14 15 16 17 18 20 22 24 | 24.0
Invocations    | 2 4 5 6 8 10 11 12 13 14 16 19 20 21 22 | 22.0
Armour         | 4 7 8 9 10 13 14 15 16 17 20 22 23 24 25 | 25.4
Dodging        | 4 6 8 9 10 12 13 14 15 16 17 18 19 20 21 | 21.9
Shields        | 6 11 14 15 16 17 18 19 20 21 | 21.2
Evocations     | 6 9 10 15 16 17 18 | 18.6
Spellcasting   | |  1.3
Charms         | |  2.0

Action                   |  1- 3 |  4- 6 |  7- 9 | 10-12 | 13-15 | 16-18 | 19-21 | 22-24 | 25-27 || total
-------------------------+-------+-------+-------+-------+-------+-------+-------+-------+-------++-------
Melee: Mace              |    96 |   127 |    97 |       |       |       |       |       |       ||   320
       Headbutt          |     8 |    23 |    45 |   150 |   392 |   423 |   589 |   793 |  1244 ||  3667
       Flail             |       |       |   168 |    88 |       |       |       |       |       ||   256
       Morningstar       |       |       |       |   580 |  1749 |  1845 |  1761 |  1808 |   652 ||  8395
       Demon whip        |       |       |       |       |       |    25 |   133 |   227 |  2058 ||  2443
Throw: Stone             |    54 |    89 |   123 |   120 |       |       |       |       |       ||   386
       Javelin           |       |       |       |    28 |    24 |       |       |       |       ||    52
Invok: Stack Five        |       |       |       |     2 |     1 |     3 |     3 |     1 |       ||    10
 Abil: Evoke Flight      |       |       |       |     1 |       |    11 |       |     5 |       ||    17
Evoke: Deck              |       |     1 |    21 |    21 |    20 |    17 |     5 |    16 |     9 ||   110
       Wand              |       |       |     4 |     9 |     1 |     7 |     1 |    14 |     8 ||    44
       Sack of spiders   |       |       |     1 |     3 |       |       |       |       |       ||     4
       Box of beasts     |       |       |       |       |       |       |       |     1 |       ||     1
       Phantom mirror    |       |       |       |       |       |       |       |     1 |     1 ||     2
  Use: Scroll            |     5 |     4 |     3 |    10 |     4 |    26 |    14 |     4 |    14 ||    84
       Potion            |       |       |     4 |     1 |     4 |     5 |       |     8 |     8 ||    30
 Stab: Distracted        |       |       |     1 |     2 |     1 |     2 |       |     9 |    11 ||    26
       Paralysed         |       |       |       |       |     1 |     4 |       |     9 |    15 ||    29
       Petrifying        |       |       |       |       |     1 |       |     2 |     1 |       ||     4
       Held in net/web   |       |       |       |       |       |     1 |       |       |       ||     1
       Invisible         |       |       |       |       |       |     5 |       |       |       ||     5
       Confused          |       |       |       |       |       |       |     3 |       |     7 ||    10
       Sleeping          |       |       |       |       |       |       |       |       |     7 ||     7
  Eat: Chunk             |     3 |     6 |    15 |    17 |    35 |    27 |    34 |     9 |     1 ||   147
       Royal jelly       |       |     1 |     1 |     5 |     3 |     5 |       |     2 |     4 ||    21
       Fruit             |       |       |       |     5 |     8 |     4 |       |       |       ||    17
       Meat ration       |       |       |       |     1 |       |       |       |     1 |     3 ||     5
       Bread ration      |       |       |       |     1 |       |     2 |     3 |     8 |     5 ||    19
Armor: Leather armour    |    14 |       |       |       |       |       |       |       |       ||    14
       Chain mail        |    31 |    62 |   116 |   293 |   298 |       |       |       |       ||   800
       Plate armour      |       |       |       |       |   201 |   669 |   413 |   372 |       ||  1655
       Acid dragon scale |       |       |       |       |       |       |       |   110 |   223 ||   333
Dodge: Dodged            |    33 |    40 |    79 |   153 |   251 |   408 |   470 |   746 |  1006 ||  3186
Block: Buckler           |       |       |    10 |    54 |       |       |       |       |       ||    64
       Reflection        |       |       |       |     6 |    65 |   153 |   159 |    70 |    35 ||   488
       Large shield      |       |       |       |   162 |  1768 |  2271 |  1903 |  2220 |  1053 ||  9377
       Other             |       |       |       |       |       |       |     9 |       |       ||     9
       Shield            |       |       |       |       |       |       |       |       |  1159 ||  1159

Vanquished Creatures
  9 ancient liches
  Mara (Shoals:3)
  2 orbs of fire (Zot:5)
  A juggernaut (shapeshifter) (Depths:4)
  A juggernaut (Depths:2)
  A greater mummy (Tomb:1)
  Boris (Vaults:4)
  Xtahua (Depths:4)
  A caustic shrike (Depths:3)
  A Killer Klown (Zot:5)
  Jory (Depths:5)
  3 golden dragons
  the Enchantress (Depths:5)
  A golden dragon (shapeshifter) (Depths:5)
  Arachne (Spider:3)
  A bone dragon (Depths:5)
  4 tentacled monstrosities
  Jorgrun (Depths:4)
  22 Orb Guardians
  7 quicksilver dragons
  7 liches
  An Executioner (D:2)
  5 titans
  3 death cobs
  13 sphinxes
  A sphinx (shapeshifter) (Depths:4)
  3 krakens
  3 ancient champions
  Gastronok (Lair:2)
  A pandemonium lord (D:10)
  An azure jelly (Vaults:5)
  10 tengu reavers
  Roxanne (Shoals:3)
  5 shadow dragons
  4 draconian monks
  2 revenants
  Kirke (Shoals:4)
  2 storm dragons
  7 iron dragons
  15 fire giants
  13 frost giants
  3 draconian knights
  12 vault wardens
  Aizul (Shoals:3)
  2 ghost moths (shapeshifter)
  A frost giant (shapeshifter) (Vaults:5)
  15 ghouls
  11 emperor scorpions
  3 draconian shifters
  5 draconian scorchers
  A cacodemon (D:9)
  5 ghost moths
  3 curse skulls
  4 deep elf sorcerers
  A large abomination (Vaults:3)
  2 orc warlords (Depths:5)
  3 reapers (Crypt:3)
  4 spriggan defenders
  28 very ugly things
  22 ironheart preservers
  3 draconian annihilators
  16 stone giants
  5 green draconians
  10 war gargoyles
  6 black draconians
  2 entropy weavers
  5 white draconians
  2 bennus (Tomb:1)
  2 deep elf demonologists
  A vampire knight (Depths:2)
  3 red draconians
  6 yellow draconians
  Azrael (Spider:1)
  3 deep elf annihilators
  8 purple draconians
  5 merfolk javelineers
  5 spark wasps
  2 dire elephants
  4 deep elf death magi
  A fire dragon (shapeshifter) (Vaults:5)
  10 fire dragons
  7 jiangshi
  A minotaur (Lab)
  6 mummy priests
  11 eidola
  20 ettins
  10 crystal guardians (Depths:4)
  14 yaktaur captains
  A quicksilver dragon zombie (Crypt:3)
  17 great orbs of eyes
  4 deep elf high priests
  16 ice dragons
  5 rakshasas
  32 vault guards
  14 merfolk impalers
  9 centaur warriors
  3 merfolk avatars
  A hydra (shapeshifter) (Depths:4)
  A quicksilver dragon skeleton (Crypt:3)
  10 hydras
  3 catoblepae
  5 merfolk aquamancers
  4 spriggan air magi
  20 ogre magi
  6 death knights
  A death scarab (Tomb:1)
  An alligator snapping turtle (Vaults:2)
  5 tengu warriors
  16 dancing weapons (Depths:4)
  53 two-headed ogres
  6 deep troll shamans
  Urug (D:13)
  6 orc high priests
  A shock serpent (Depths:4)
  5 death yaks
  9 deep troll earth magi
  7 vampire magi
  2 spriggan berserkers (Depths:5)
  A titan skeleton (Vaults:4)
  Nergalle (Lair:2)
  9 soul eaters
  2 shadow wraiths
  30 skeletal warriors
  4 deep elf knights
  6 hell knights
  A fire crab (Lair:5)
  A sixfirhy (D:10)
  A fire crab (shapeshifter) (D:14)
  An iron giant zombie (Crypt:1)
  11 sea snakes
  3 sea snakes (shapeshifter)
  2 golden dragon zombies (Vaults:4)
  An iron troll (Depths:3)
  A death drake (shapeshifter) (Depths:4)
  A storm dragon skeleton (Crypt:3)
  A kraken simulacrum (Shoals:4)
  3 deep elf archers
  A swamp dragon (Orc:2)
  4 unseen horrors
  8 glowing orange brains
  31 deep trolls
  An unseen horror (shapeshifter) (Depths:4)
  An anaconda zombie (Crypt:3)
  9 flayed ghosts
  2 lindwurms (Lair:6)
  Pikel (D:8)
  A sphinx zombie (Vaults:4)
  6 wizards
  14 necromancers
  3 obsidian statues (Depths:4)
  A harpy (shapeshifter) (Depths:4)
  18 ironbrand convokers
  11 phantasmal warriors
  21 orc knights
  12 harpies
  A wolf spider zombie (D:14)
  15 fauns
  43 wolf spiders
  A cyclops (shapeshifter) (Depths:4)
  19 deep elf magi
  3 orc sorcerers
  12 orb spiders
  15 manticores
  A stone giant zombie (Crypt:3)
  An iron dragon zombie (Crypt:3)
  2 salamanders (shapeshifter)
  46 ugly things
  A wolf spider (shapeshifter) (Depths:4)
  An oklob plant (Lair:6)
  15 cyclopes
  2 fire giant skeletons (Crypt:3)
  A fire giant zombie (Crypt:3)
  A sphinx skeleton (Vaults:2)
  10 elephants
  A human skeleton (Vaults:2)
  2 stone giant skeletons
  A dire elephant zombie (Crypt:3)
  5 water nymphs
  A moth of wrath (shapeshifter) (Depths:4)
  19 vault sentinels
  A guardian serpent (shapeshifter) (Vaults:3)
  8 moths of wrath
  19 merfolk sirens
  2 rust devils
  5 gargoyles
  2 frost giant skeletons
  A water nymph (shapeshifter) (Depths:3)
  5 molten gargoyles (Depths:4)
  Psyche (D:9)
  9 torpor snails
  4 black mambas
  2 orange demons
  2 torpor snails (shapeshifter)
  12 spiny frogs
  5 centaur skeletons
  4 rime drakes
  A rime drake (shapeshifter) (Vaults:5)
  A kobold demonologist (D:15)
  An efreet (D:13)
  3 yaktaurs (shapeshifter)
  A tormentor (Zot:1)
  10 demonic crawlers
  2 dire elephant skeletons
  9 komodo dragons
  A komodo dragon (shapeshifter) (Depths:2)
  15 hellwings
  A tengu conjurer (Depths:1)
  11 trolls
  10 freezing wraiths
  26 yaktaurs
  A grey draconian skeleton (Crypt:2)
  2 harpy zombies (Crypt:3)
  An ice devil (D:10)
  A merfolk (shapeshifter) (Vaults:4)
  A yellow draconian skeleton (Crypt:3)
  3 tyrant leeches (Lair:6)
  2 polar bears (shapeshifter)
  6 meliai
  A red devil (Depths:1)
  4 polar bears
  2 trolls (shapeshifter)
  A hydra zombie (Crypt:3)
  28 merfolk
  4 jumping spiders (shapeshifter)
  14 guardian mummies
  9 blink frogs
  26 jumping spiders
  A hornet (shapeshifter) (Vaults:1)
  23 hornets
  9 wind drakes
  A harpy skeleton (D:15)
  2 ice dragon zombies (Crypt:3)
  A hydra skeleton (Tomb:1)
  A guardian serpent zombie (Crypt:1)
  A blink frog (shapeshifter) (Depths:4)
  3 raiju (Depths:4)
  2 slime creatures (shapeshifter)
  8 slime creatures
  8 snapping turtles
  10 dream sheep
  A bog body (Crypt:3)
  A sphinx simulacrum (Vaults:2)
  2 ettin zombies (Crypt:3)
  A frost giant simulacrum (Vaults:4)
  2 minotaur skeletons (Lab)
  15 hippogriffs
  4 spriggans
  4 flying skulls (Tomb:1)
  30 water elementals
  3 shadows
  39 tarantellas
  6 wyverns
  30 yaks
  14 wraiths
  An ushabti (Tomb:1)
  9 air elementals
  78 redbacks
  An ice dragon skeleton (Tomb:1)
  A hog (shapeshifter) (Depths:4)
  2 ettin skeletons (Crypt:3)
  A ynoxinul (D:2)
  A basilisk (Lair:1)
  4 golden eyes (D:2)
  2 steam dragons
  2 hogs
  3 fire elementals (Depths:4)
  A chaos spawn (Depths:1)
  4 hungry ghosts
  5 vampire mosquitoes
  A naga (shapeshifter) (Vaults:2)
  An insubstantial wisp (Depths:4)
  A monstrous demonspawn zombie (Crypt:2)
  10 wargs
  2 swamp worms
  A spiny frog zombie (Tomb:1)
  2 floating eyes (shapeshifter)
  4 hell hounds (Spider:1)
  4 acid dragons
  38 orc warriors
  2 water moccasins (shapeshifter)
  14 water moccasins
  A floating eye (Depths:2)
  5 porcupines
  An eye of draining (D:14)
  3 ice beasts
  3 sky beasts
  3 phantoms
  3 slaves
  A black bear (Lair:4)
  A black bear (shapeshifter) (Depths:2)
  A necrophage (Crypt:1)
  2 hornet zombies (D:15)
  An eye of draining (shapeshifter) (Depths:4)
  A manticore zombie (Crypt:3)
  45 ogres
  19 wolves
  12 boggarts
  A blink frog zombie (Crypt:2)
  12 centaurs
  14 crocodiles
  The ghost of salade2fruit the Digger, an amateur OpEE (D:3)
  20 bullfrogs
  2 big kobolds
  A rime drake skeleton (Crypt:2)
  7 earth elementals (Depths:4)
  2 wyvern zombies
  A spiny frog simulacrum (Tomb:1)
  13 wyvern skeletons
  A water moccasin skeleton (Crypt:2)
  9 scorpions
  An elf simulacrum (Vaults:2)
  13 killer bees
  14 wights
  4 electric eels
  4 howler monkeys
  7 crimson imps
  A polar bear skeleton (Crypt:2)
  4 lava snakes (Lab)
  8 hounds
  4 jellies
  25 orc priests
  2 bullfrog skeletons
  2 iron imps
  20 orc wizards
  3 iguanas
  5 worker ants
  A sky beast zombie (Crypt:2)
  A big kobold skeleton (Crypt:1)
  A hound zombie (D:9)
  10 mummies (Tomb:1)
  A howler monkey zombie (Crypt:1)
  8 gnolls
  9 adders
  A shadow imp (D:7)
  A white imp (Depths:5)
  An ufetubus (Zot:1)
  2 oozes
  2 adder zombies
  5 worms
  A ball lightning (Depths:4)
  A barachi zombie (Crypt:2)
  3 dart slugs
  4 leopard geckos
  109 orcs
  8 bats
  A giant cockroach (shapeshifter) (Vaults:4)
  5 giant cockroaches
  7 goblins
  5 hobgoblins
  10 jackals
  5 quokkas
  2 ball pythons
  4 frilled lizards
  13 kobolds
  An orc zombie (Crypt:3)
  A quokka skeleton (Crypt:2)
  3 rats (D:1)
  A fire vortex (Crypt:3)
  2 plants
  7 tentacles
2399 creatures vanquished.

Vanquished Creatures (collateral kills)
  An ancient lich (Zot:5)
  2 electric golems (Zot:5)
  A Tzitzimitl (Depths:5)
  2 Orb Guardians (Zot:5)
  2 ancient champions (Tomb:1)
  Donald (Shoals:3)
  An entropy weaver (Spider:4)
  A purple draconian (Zot:5)
  An eidolon (Crypt:3)
  2 crystal guardians (Depths:4)
  An ettin (Vaults:5)
  2 deep elf high priests
  A vault guard (Vaults:4)
  A hydra (D:11)
  A rakshasa (Vaults:1)
  2 catoblepae (Lair:6)
  An ogre mage (Vaults:3)
  A merfolk avatar (Shoals:1)
  A dancing weapon (Depths:4)
  5 two-headed ogres
  2 flayed ghosts
  A shadow demon (Depths:5)
  3 phantasmal warriors (Crypt:3)
  An anaconda (D:12)
  The ghost of greprep the Protected, a novice MiFi of Qazlal (D:6)
  4 orc knights
  A harpy (D:12)
  2 manticores
  4 orb spiders
  4 deep elf magi
  An ugly thing (D:11)
  A wolf spider (Spider:4)
  A cyclops (D:7)
  A shadow dragon skeleton (Tomb:1)
  A vault sentinel (Vaults:2)
  A black mamba (Lair:6)
  A merfolk siren (Shoals:1)
  A water nymph (Shoals:1)
  A torpor snail (Lair:6)
  A rime drake (Lair:4)
  A spiny frog (Lair:6)
  A demonic crawler (Spider:3)
  A komodo dragon (Lair:6)
  A guardian mummy (Tomb:1)
  2 jumping spiders (Spider:4)
  A queen bee (Spider:3)
  A tyrant leech (Lair:6)
  Prince Ribbit (D:7)
  3 slime creatures (Vaults:1)
  3 dream sheep
  5 blink frogs
  4 tarantellas
  2 spriggans
  2 redbacks
  A shadow (Vaults:2)
  A water elemental (Depths:4)
  A human (Shoals:4)
  An insubstantial wisp (Depths:4)
  A water moccasin (D:7)
  4 ogres
  3 wolves (Lair:3)
  A crocodile (Lair:4)
  2 bullfrogs
  An earth elemental (Depths:4)
  4 killer bees (Spider:3)
  2 howler monkeys (D:7)
  A wight (D:11)
  A jelly (D:7)
  5 orc priests (Orc:2)
  A bullfrog zombie (D:7)
  2 orc wizards
  A bullfrog skeleton (D:7)
  A worker ant (D:12)
  2 mummies
  An adder (D:6)
  An ooze (D:7)
  2 orcs (Orc:2)
  A plant (Lair:6)
132 creatures vanquished.

Vanquished Creatures (others)
  An orb of fire (Zot:5)
  A greater mummy (Tomb:1)
  Asterion (D:15)
  An eldritch tentacle (Zot:5)
  Polyphemus (Shoals:3)
  A sphinx (Tomb:1)
  Ilsuiw (Shoals:4)
  A vault warden (Vaults:5)
  A frost giant (Vaults:5)
  5 stone giants
  A deep elf annihilator (Vaults:5)
  5 merfolk javelineers
  A great orb of eyes (Depths:4)
  4 yaktaur captains
  5 centaur warriors
  2 deep elf archers
  A phantasmal warrior (Crypt:3)
  An ugly thing (Depths:4)
  A cyclops (D:13)
  5 fauns (Shoals:1)
  A merfolk siren (Shoals:4)
  A vault sentinel (Vaults:1)
  10 yaktaurs
  A merfolk (Shoals:1)
  A wind drake (Shoals:4)
  A steam dragon (Vaults:2)
  A spatial vortex (Tomb:1)
  An orc warrior (Vaults:2)
  4 ogres
  A slave (D:9)
  A boggart (Depths:1)
  10 centaurs
  An orc wizard (D:7)
  18 ball lightnings
  3 orcs
  4 blocks of ice (Lair:6)
  4 fire vortices
  21 fungi
  30 plants
  27 tentacles
  15 withered plants (Crypt:3)
196 creatures vanquished.

Grand Total: 2727 creatures vanquished
